 Dungeon Crawl Stone Soup version 0.31.0-11-ge490571c62 (webtiles) character file.

Game seed: 3765397586932268978

65 qw the Shooter (level 3, -1/20 HPs)
             Began as a Deep Elf Hunter on Feb 4, 2024.
             Succumbed to an adder's poison
             ... on level 3 of the Dungeon.
             The game lasted 00:00:05 (1210 turns).

qw the Shooter (Deep Elf Hunter)                    Turns: 1210, Time: 00:00:05

Health: -1/20      AC:  6    Str: 10    XL:     3   Next: 92%
Magic:  5/5        EV:  9    Int: 13    God:
Gold:   71         SH:  0    Dex: 18    Spells: 2/2 levels left

rFire   . . .        a - +1 shortbow
rCold   . . .        (shield currently unavailable)
rNeg    . . .        d - +0 scale mail
rPois   .            (no helmet)
rElec   .            (no cloak)
rCorr   .            (no gloves)
SInv    .            (no boots)
Will    .....        (no amulet)
Stlth   +            (no ring)
HPRegen 0.23/turn    (no ring)
MPRegen 0.09/turn

%: no passive effects
@: lethally poisoned (-1 -> -3)
A: no striking features
a: no special abilities


You were on level 3 of the Dungeon.
You visited 1 branch of the dungeon, and saw 3 of its levels.

You collected 107 gold pieces.
You spent 36 gold pieces at shops.


   Skills:
 - Level 1.5 Fighting
 + Level 7.4 Ranged Weapons
 - Level 2.4 Dodging
 - Level 1.2 Stealth


You had 2 spell levels left.
You didn't know any spells.
Your spell library was empty.

Inventory:

Hand Weapons
 a - a +1 shortbow (weapon)
Armour
 d - a +0 scale mail (worn)
Scrolls
 b - a scroll of amnesia {unknown}
Potions
 f - a potion of curing {unknown}
 h - a potion of berserk rage {unknown}

Dungeon Overview and Level Annotations

Branches:
Dungeon (3/15)

Altars:

Shops:
D:1 (*(


Message History

There is an open door here.
You open the door.
There is an open door here.
b - a scroll labelled CIWIUX OJUMN
Found a potion of magic.
A rat, 2 adders and 2 ribbon worms come into view.
The adder hisses angrily.
You hear an angry hiss. x2
An adder comes into view.
1203 ||| RETREEEEATING.
1204 ||| RETREEEEATING.
An adder and 2 rats come into view.
The rat squeaks loudly.
The adder hisses angrily.
The rat squeaks loudly.
The adder barely misses you. The adder bites you.
You are poisoned.
The adder poisons you!
1205 ||| RETREEEEATING.
You feel sick. The adder bites you.
You are more poisoned.
The adder poisons you!
The ribbon worm bites you but does no damage.
1206 ||| RETREEEEATING.
You open the door.
You feel sick. The adder bites you but does no damage. The adder bites you.
The ribbon worm bites you. The adder barely misses you.
The adder closely misses you.
The ribbon worm expels a string of sticky webbing.
The stream of webbing hits you but does no damage.
You are caught in a web!
1207 ||| RETREEEEATING.
The web tears apart.
You feel sick. The adder barely misses you.
The adder bites you but does no damage. x2; The adder barely misses you.
The ribbon worm bites you.
1208 ||| RETREEEEATING.
You feel sick. The ribbon worm barely misses you.
There is an open door here.
1209 ||| RETREEEEATING.
You feel sick.
You shoot an arrow. The arrow barely misses the adder.
The arrow hits the ribbon worm!
The ribbon worm is heavily wounded.
You die...

..~ ~~ #.#..~#~# #....~~~#
######## #.....#~# #......#
#....~~~# #......#
#.....~r##########......###
#.....SwwS@.....'.......'..
#.....SS###.####.......###
#.......##..# #.......#
#.......#..## #.......#
#..!......## #########
#........## #....#####
#.### ...


You could see 2 ribbon worms, 4 adders and a rat.

Vanquished Creatures
  3 adders (D:2)
  7 ball pythons
  3 bats
  3 endoplasms
  3 giant cockroaches
  A goblin (D:2)
  6 hobgoblins
  2 kobolds
  3 quokkas
  2 frilled lizards
33 creatures vanquished.

Notes
Turn   | Place    | Note
-------+----------+-------------------------------------------
     0 | D:1      | qw the Deep Elf Hunter began the quest for the Orb.
     0 | D:1      | Reached XP level 1. HP: 12/12 MP: 3/3
     0 | D:1      | 0 ||| qw: Version: 0.3-a-160-g6735b56
     0 | D:1      | 0 ||| qw: Game counter: 4491
     0 | D:1      | 0 ||| qw: Melee chars always use a shield: true
     0 | D:1      | 0 ||| qw: God list: Okawaru
     0 | D:1      | 0 ||| qw: Allow faded altars: false
     0 | D:1      | 0 ||| qw: Do Orc after clearing Dungeon:15 true
     0 | D:1      | 0 ||| qw: Do second Lair branch before Depths: true
     0 | D:1      | 0 ||| qw: Lair rune preference: random
     0 | D:1      | 0 ||| qw: Goals: Normal
     0 | D:1      | 0 ||| PLANNING D:1-11
   165 | D:1      | Found Mekaxt's Antique Weapon Boutique.
   172 | D:1      | Reached XP level 2. HP: 16/16 MP: 4/4
   175 | D:1      | Found Nilaut's Assorted Antiques.
   176 | D:1      | 176 ||| SHOPLISTING runed arbalest (165 gold, have 26).
   196 | D:1      | 196 ||| SHOPLISTING iron wand (76 gold, have 37).
   196 | D:1      | 196 ||| BUYING lumpy grey potion (17 gold).
   196 | D:1      | Bought a lumpy grey potion for 17 gold pieces
   196 | D:1      | 196 ||| SHOPLISTING marble ring (95 gold, have 20).
   196 | D:1      | 196 ||| SHOPLISTING ring mail (76 gold, have 20).
   196 | D:1      | 196 ||| BUYING scroll labelled CERUL NYGHUISO (19 gold).
   196 | D:1      | Bought a scroll labelled CERUL NYGHUISO for 19 gold pieces
   196 | D:1      | 196 ||| SHOPLISTING sedimented emerald potion (17 gold,
                  | have 1).
   196 | D:1      | 196 ||| SHOPLISTING silver wand (76 gold, have 1).
   196 | D:1      | 196 ||| SHOPLISTING silvery potion (17 gold, have 1).
   205 | D:1      | Found Moukk's Antique Weapon Emporium.
   232 | D:1      | Reached skill level 6 in Ranged Weapons
   685 | D:1      | 685 ||| READING scroll labelled CERUL NYGHUISO.
   688 | D:1      | 688 ||| DRINKING 2 glowing clear potions.
   689 | D:1      | 689 ||| DROPPING scroll of butterflies.
   690 | D:1      | 690 ||| DROPPING potion of magic.
   847 | D:2      | Reached XP level 3. HP: 17/20 MP: 5/5
   967 | D:2      | Reached skill level 7 in Ranged Weapons
  1147 | D:2      | 1147 ||| UPGRADING to +0 scale mail.
  1157 | D:2      | 1157 ||| DROPPING +0 leather armour.
  1158 | D:2      | 1158 ||| READING scroll labelled DEAKKO FIMOLAO.
  1158 | D:2      | 1158 ||| IDENTIFYING bubbling blue potion
  1159 | D:2      | 1159 ||| READING scroll labelled SAEDIKHL NAHEENN.
  1159 | D:2      | 1159 ||| ENCHANTING +0 shortbow.
  1160 | D:2      | 1160 ||| DROPPING potion of attraction.
  1172 | D:3      | 1172 ||| PLANNING SEWER
  1203 | D:3      | 1203 ||| RETREEEEATING.
  1204 | D:3      | 1204 ||| RETREEEEATING.
  1205 | D:3      | 1205 ||| RETREEEEATING.
  1206 | D:3      | 1206 ||| RETREEEEATING.
  1207 | D:3      | 1207 ||| RETREEEEATING.
  1207 | D:3      | HP: 2/20 [ribbon worm (5)]
  1208 | D:3      | 1208 ||| RETREEEEATING.
  1209 | D:3      | 1209 ||| RETREEEEATING.
  1210 | D:3      | Succumbed to an adder's poison

Levels and vault maps discovered:
D:1:      dpeg_arrival_solitude, layout_rooms, serial_shops,
          nicolae_shop_overgrown_old_shop, shop, shop, minivault_11,
          chequers_serial_rivers_large_a, chequers_serial_rivers_micro_e
D:2:      layout_rooms, minmay_misc_feat_columns, nrook_campfire
D:3:      layout_basic, lightli_sewer_entry_pipes, minmay_ruptured,
          uniq_grinder, uniq_sigmund, uniq_crazy_yiuf_cottage

Skill      XL: |  1  2  3 |
---------------+----------+-----
Ranged Weapons | 6 7 |  7.4
Fighting       | |  1.5
Dodging        | |  2.4
Stealth        | |  1.2

Action                     || total
---------------------------++-------
   Fire: Shortbow          ||   119
    Use: Scroll            ||     3
         Potion            ||     1
 Armour: Leather armour    ||    14
         Scale mail        ||     9
  Dodge: Dodged            ||    35

Table legend:
 A = Non-vault XP
 B = Vault XP
 C = Vault XP percentage of total XP
 D = Non-vault monster count
 E = Vault monster count
 F = Vault count percentage of total count
                 A         B        C        D         E       F
            +---------+---------+-------+---------+---------+-------
      Total |      93 |       0 |   0.0 |      33 |       0 |   0.0
            +---------+---------+-------+---------+---------+-------
        D:1 |      26 |       0 |   0.0 |      14 |       0 |   0.0
        D:2 |      67 |       0 |   0.0 |      19 |       0 |   0.0
            +---------+---------+-------+---------+---------+-------
